 Seeded DCSS version 0.30.1-4-g462c640d31 (webtiles) character file.

Game seed: 6351066067085065685 (custom seed)

215 Esekla the Grave Robber (level 5, -2/28 HPs)
             Began as a Deep Elf Necromancer on Aug 28, 2023.
             Was a Follower of Vehumet.
             Slain by a gnoll
             ... wielding a +0 spear
             ... led by a gnoll bouda
              (4 damage)
             ... on level 4 of the Dungeon.
             The game lasted 00:14:11 (2955 turns).

Esekla the Grave Robber (Deep Elf Necromancer)      Turns: 2955, Time: 00:14:11

Health: -2/28      AC:  4    Str:  5    XL:     5   Next: 60%
Magic:  1/13       EV: 14    Int: 22    God:    Vehumet [*.....]
Gold:   176        SH:  0    Dex: 15    Spells: 4/12 levels left

rFire   . . .        m - +1 short sword (freeze)
rCold   . . .        (no shield)
rNeg    . . .        a - +0 robe
rPois   .            l - +0 helmet
rElec   .            (no cloak)
rCorr   .            c - +0 pair of gloves
SInv    .            (no boots)
Will    .....        (no amulet)
Stlth   +++          (no ring)
HPRegen 0.24/turn    (no ring)
MPRegen 0.13/turn

%: no passive effects
@: no status effects
A: no striking features
a: Renounce Religion


You were on level 4 of the Dungeon.
You worshipped Vehumet.
Vehumet was aware of your devotion.
You visited 1 branch of the dungeon, and saw 4 of its levels.

You collected 176 gold pieces.

Inventory:

Hand Weapons
 m - a +1 short sword of freezing (weapon)
 r - a +0 spear
 s - the +5 rapier of the Hero {heavy, rN+ Dex+3}
   (You found it on level 3 of the Dungeon)

   Dex:       It affects your dexterity (+3).
   rN:        It protects you from negative energy.
Missiles
 t - 5 poisoned darts (quivered)
 y - a throwing net
Armour
 a - a +0 robe (worn)
 c - a +0 pair of gloves (worn)
 l - a +0 helmet (worn)
Wands
 i - a wand of roots (9)
Scrolls
 f - 3 scrolls of identify {unknown}
 n - a scroll of amnesia {unknown}
 o - a scroll of enchant armour {unknown}
 p - a scroll of blinking {unknown}
 u - a scroll of fog {unknown}
 v - a scroll of immolation {unknown}
 w - a scroll of silence {unknown}
 x - 2 scrolls of enchant weapon {unknown}
Potions
 b - a potion of magic
 d - a potion of ambrosia {unknown}
 e - 2 potions of attraction {unknown}
 g - a potion of heal wounds {unknown}
 h - a potion of haste {unknown}
 j - 3 potions of curing {unknown}
 k - a potion of mutation {unknown}
 q - 2 potions of brilliance {unknown}


   Skills:
 + Level 1.4 Short Blades
 * Level 4.6 Dodging
 + Level 3.8 Stealth
 * Level 4.0 Spellcasting
 * Level 5.6 Necromancy
 * Level 1.1 Translocations


You had 4 spell levels left.
You knew the following spells:

 Your Spells              Type           Power      Damage    Failure   Level
a - Necrotise             Necr           100%       1d9       1%          1
b - Shock                 Conj/Air       16%        1d4       11%         1
d - Vampiric Draining     Necr           29%        2d8       3%          3
t - Teleport Other        Tloc           9%         N/A       22%         3

Your spell library contained the following spells:

 Spells                   Type           Power      Damage    Failure   Level
 Lesser Beckoning         Tloc           18%        N/A       11%         2
 Animate Dead             Necr           29%        N/A       11%         4
 Gell's Gravitas          Tloc           9%         N/A       22%         3
 Agony                    Necr           29%        N/A       30%         5


Dungeon Overview and Level Annotations

Branches:
Dungeon (4/15)
 Temple: D:4-7

Altars:
Hepliaklqana
Okawaru
Qazlal
Trog
Vehumet
Zin

Shops:
D:2 =   D:4 (


Message History

You feel your attacks grow feeble.
Your Spellcasting skill increases to level 4!
The gnoll barely misses you.
The gnoll bouda barks out a call to the hunt!
The gnolls pick up the pace!
You hear a shout!
Your attacks no longer feel as feeble.
The gnoll hits you but does no damage.
There is an open door here.
The gnoll bouda gazes fiercely through you!
You feel your attacks grow feeble.
Casting: Vampiric Draining (dangerous; 3% risk of failure)
Confirm with . or Enter, or press ? or * to list all spells.
Aiming: Vampiric Draining (dangerous; 3% risk of failure)
Press: ? - help, Shift-Dir - straight line, f - gnoll
Aim: a gnoll, wielding a +0 halberd (covering ground quickly)
You draw life force from the gnoll!
You feel life coursing into your body. The gnoll closely misses you.
The gnoll attacks as you move away! The gnoll barely misses you.
The gnoll bouda hits you but does no damage.
The gnoll bouda attacks as you move away!
The gnoll bouda closely misses you.
The gnoll hits you from afar with a +0 halberd!
The gnoll hits you from afar with a +0 spear.
The gnoll completely misses you.
Okay, then.
Okay, then.
The gnoll bouda attacks as you move away!
The gnoll bouda barely misses you.
The gnoll hits you from afar with a +0 spear.
* * * LOW HITPOINT WARNING * * *
The gnoll closely misses you. The gnoll barely misses you.
The gnoll bouda calls upon its god to heal the gnoll.
The gnoll is healed somewhat.
The gnoll misses you. The gnoll hits you with a +0 whip.
* * * LOW HITPOINT WARNING * * *
Your attacks no longer feel as feeble.
The gnoll barely misses you.
The gnoll hits you from afar with a +0 spear.
You die...

#...............###.......
#.................+.......
########................##.......
.......#................)........
.......'.........................
.......#........................#
.....gg#.........................
......g#....ggg.......#..........
.......#.....gg.@.....#..........
.###...#.............##..........
####)..#..............#..........
....)............####.#..........
##...............#....#..........
##.....##.............#..........
..............................>..
##....##...............######....
##....##...............### #....


You could see a gnoll bouda and 4 gnolls.

Vanquished Creatures
  A hound (D:3)
  An iguana (D:2)
  8 gnolls
  3 adders
  2 dart slugs
  3 orcs (D:3)
  6 ball pythons
  4 endoplasms
  8 goblins
  4 hobgoblins
  A quokka (D:1)
  4 bats
  4 frilled lizards
  5 kobolds
  A rat (D:2)
55 creatures vanquished.

Notes
Turn   | Place    | Note
-------+----------+-------------------------------------------
     0 | D:1      | Esekla the Deep Elf Necromancer began the quest for the
                  | Orb.
     0 | D:1      | Reached XP level 1. HP: 10/10 MP: 6/6
   289 | D:2      | Found Renulab's Jewellery Shop.
   414 | D:4      | Found a radiant altar of Vehumet.
   425 | D:4      | Found an iron altar of Okawaru.
   500 | D:4      | Found a glowing silver altar of Zin.
   541 | D:4      | Became a worshipper of Vehumet
   699 | D:3      | Reached skill level 5 in Necromancy
   746 | D:3      | Reached XP level 2. HP: 15/15 MP: 8/8
  1202 | D:2      | Reached XP level 3. HP: 13/19 MP: 9/9
  1206 | D:2      | Learned a level 3 spell: Vampiric Draining
  1481 | D:1      | Reached * piety under Vehumet
  1481 | D:1      | Offered knowledge of Shock by Vehumet.
  1484 | D:1      | Learned a level 1 spell: Shock
  1488 | D:1      | Learned a level 3 spell: Teleport Other
  1742 | D:1      | Reached XP level 4. HP: 24/24 MP: 11/11
  1792 | D:2      | Reached skill level 1 in Short Blades
  1862 | D:2      | Found a faded altar of an unknown god.
  1927 | D:2      | Noticed a black bear
  1980 | D:3      | Identified the +5 rapier of the Hero {heavy, rN+ Dex+3}
  2202 | D:3      | Found a stormy altar of Qazlal.
  2205 | D:3      | Found a hazy altar of Hepliaklqana.
  2205 | D:3      | Found a bloodstained altar of Trog.
  2224 | D:3      | Reached XP level 5. HP: 28/28 MP: 5/12
  2510 | D:3      | Reached skill level 1 in Translocations
  2760 | D:4      | Found Ponaysk's Antique Weapon Boutique.
  2952 | D:4      | HP: 1/28 [gnoll/+0 whip[a gnoll bouda] (4)]
  2955 | D:4      | Slain by a gnoll

Illustrated notes

Levels and vault maps discovered:
D:1:      sevenhm_arrival_forest_fort_small_3, layout_rooms,
          chequers_serial_rivers_room_b, minmay_misc_feat_five
D:2:      layout_loops_ring, dreamdust_ecumenical_altar_angels_and_demons,
          serial_shops, shop
D:3:      layout_basic, grunt_temple_overflow_open, minmay_misc_feat_iff
D:4:      layout_basic, nicolae_overflow_quartered_altars, serial_shops,
          nicolae_diamond_shop

Skill      XL: |  1  2  3  4  5 |
---------------+----------------+-----
Necromancy     | 5 |  5.6
Stealth        | 3 |  3.8
Dodging        | 3 4 |  4.6
Short Blades   | 1 |  1.4
Translocations | 1 |  1.1
Spellcasting   | 4 |  4.0

Action                     |  1- 3 |  4- 6 || total
---------------------------+-------+-------++-------
  Melee: Short sword       |    89 |    41 ||   130
         Unarmed           |     9 |       ||     9
         Punch             |     1 |     1 ||     2
  Throw: Dart              |       |     7 ||     7
   Cast: Vampiric Draining |     6 |    13 ||    19
    Use: Scroll            |     1 |       ||     1
   Stab: Sleeping          |     2 |     2 ||     4
         Distracted        |     2 |       ||     2
 Armour: Robe              |    35 |    11 ||    46
  Dodge: Dodged            |    67 |    47 ||   114
